 Dungeon Crawl Stone Soup version 0.31.0-4-g52a2dc7128 (webtiles) character file.

Game seed: 14742271208571159054

1187 Conn the Sneak (level 8, -6/46 HPs)
             Began as an Octopode Fire Elementalist on Jan 21, 2024.
             Killed by an exploding scorpion (28 damage)
             ... ignited by their inner flame
             ... on level 6 of the Dungeon.
             The game lasted 00:18:19 (5091 turns).

Conn the Sneak (Octopode Fire Elementalist)         Turns: 5091, Time: 00:18:49

Health: -6/46      AC:  5    Str:  8    XL:     8   Next: 43%
Magic:  6/22       EV: 15    Int: 25    God:
Gold:   88         SH:  5    Dex: 18    Spells: 1/14 levels left

rFire   . . .        v - +3 short sword
rCold   . . .        (no shield)
rNeg    + . .        (helmet restricted)
rPois   .            E - amulet of reflection
rElec   .            u - ring of magical power
rCorr   .            l - +6 ring of dexterity
SInv    .            x - +4 ring of protection
Will    .....        A - +6 ring of intelligence
Stlth   ++++         B - ring of positive energy
HPRegen 0.27/turn    (no ring)
MPRegen 0.18/turn    (no ring)
                     (no ring)

%: reflection
@: no status effects
A: almost no armour, amphibious, 8 rings, camouflage 1, gelatinous body 1,
(nimble swimmer 1), tentacles
a: no special abilities


You were on level 6 of the Dungeon.
You visited 1 branch of the dungeon, and saw 6 of its levels.

You collected 289 gold pieces.
You spent 201 gold pieces at shops.

Inventory:

Hand Weapons
 f - a +0 dagger
 h - a +0 mace
 v - a +3 short sword (weapon)
Missiles
 d - 3 javelins
 e - 6 curare-tipped darts (quivered)
 r - 8 poisoned darts
Jewellery
 l - a +6 ring of dexterity (right tentacle)
 u - a ring of magical power (left tentacle)
 x - a +4 ring of protection (on tentacle)
 A - a +6 ring of intelligence (on tentacle)
 B - a ring of positive energy (on tentacle)
 E - an amulet of reflection (around mantle)
Wands
 D - a wand of roots (6)
Scrolls
 c - 2 scrolls of teleportation
 g - a scroll of torment {unknown}
 j - a scroll of summoning {unknown}
 n - a scroll of amnesia {unknown}
 q - a scroll of silence {unknown}
 s - 5 scrolls of identify {unknown}
 w - 2 scrolls of acquirement {unknown}
 y - 3 scrolls of vulnerability {unknown}
Potions
 a - a potion of magic
 b - a potion of curing
 i - a potion of lignification {unknown}
 k - a potion of ambrosia {unknown}
 m - a potion of heal wounds {unknown}
 o - a potion of mutation {unknown}
 p - a potion of resistance {unknown}
 t - 4 potions of brilliance {unknown}
 z - 2 potions of berserk rage {unknown}
 C - a potion of cancellation {unknown}


   Skills:
 + Level 3.9 Dodging
 + Level 5.8 Stealth
 + Level 3.8 Spellcasting
 * Level 4.9 Conjurations
 + Level 3.1 Hexes
 + Level 4.8 Fire Magic
 * Level 2.0 Ice Magic


You had one spell level left.
You knew the following spells:

 Your Spells              Type           Power      Damage    Failure   Level
a - Foxfire               Conj/Fire      100%       2x1d9     1%          1
b - Scorch                Fire           58%        2d7       1%          2
c - Inner Flame           Hex/Fire       24%        N/A       5%          3
d - Flame Wave            Conj/Fire      29%        2d9       12%         4
e - Hailstorm             Conj/Ice       22%        3d7       7%          3

Your spell library contained the following spells:

 Spells                   Type           Power      Damage    Failure   Level
 Kiss of Death            Conj/Necr      68%        2d10      3%          1
 Confusing Touch          Hex            20%        N/A       8%          3
 Volatile Blastmotes      Fire/Tloc      34%        2d12      11%         3
 Summon Ice Beast         Ice/Summ       9%         N/A       19%         3
 Dispel Undead            Necr           4%         3d7       67%         4
 Sculpt Simulacrum        Ice/Alch       4%         N/A       100%        6


Dungeon Overview and Level Annotations

Branches:
Dungeon (6/15)
 Temple: D:4-7

Altars:
Ru

Shops:
D:5 *

Annotations:
D:6 Eustachio


Innate Abilities, Weirdness & Mutations

You cannot wear most types of armour.
You are amphibious.
You can wear up to eight rings at the same time.
Your skin changes colour to match your surroundings (Stealth+).
Your rubbery body absorbs attacks. (AC +1, EV +1)
((You are camouflaged when in or above water. (Stealth+)))
You have tentacles for arms and can constrict up to eight enemies at once.


Message History

Your magical contamination has completely faded away.
Casting: Foxfire (safe; 1% risk of failure)
Confirm with . or Enter, or press ? or * to list all spells.
Aiming: Inner Flame (dangerous; 5% risk of failure)
Press: ? - help, Dir - move target, f - scorpion
Aim: a scorpion (lightly wounded, chance to affect: 79%)
The scorpion is filled with an inner flame.
The scorpion completely misses you.
Casting: Inner Flame (dangerous; 5% risk of failure)
Confirm with . or Enter, or press ? or * to list all spells.
You conjure some foxfire!
The scorpion barely misses you.
Unknown command.
Unknown command.
The foxfire hits the kobold!
You kill the kobold!
The foxfire hits the scorpion.
Flame seeps out of the scorpion.
The scorpion is moderately wounded.
The scorpion is engulfed in blazing flames.
Flame seeps out of the scorpion.
The scorpion stings you.
Unknown command.
Unknown command.
Casting: Foxfire (safe; 1% risk of failure)
Confirm with . or Enter, or press ? or * to list all spells.
You conjure some foxfire!
The scorpion closely misses you.
Unknown command.
Unknown command.
Your foxfire dissipates!
The foxfire hits the iguana.
The iguana is lightly wounded.
The iguana attacks as it pursues you! The iguana bites you.
Unknown command.
The iguana attacks as it pursues you! The iguana closely misses you.
Unknown command.
Casting: Foxfire (safe; 1% risk of failure)
Confirm with . or Enter, or press ? or * to list all spells.
You conjure some foxfire!
The foxfire hits the scorpion.
The scorpion explodes!
The fiery explosion engulfs you!!
Ouch! That really hurt!
You die...

#.# #+# ##.#. .#. #.#
#.# ..... #.. #.# #.#
##. ... .@. #.# #.####..
..##.##
#.#####.##...###.#§..#.#
#.......##.#.#!..K@!.l..
#######.##...###K#
#..v##..KYo#
###.@l§)#........
##§§#.....#.#..
##§§...#.# # ###....?#
##.##... #.....# ####...


You could see an ice beast, a kobold brigand, an iguana (ally target), an orc
and a kobold.

Vanquished Creatures
  An ice beast (D:5)
  An orc warrior (D:6)
  4 scorpions
  4 killer bees (D:5)
  3 hounds
  2 orc priests (D:6)
  A gnoll bouda (D:5)
  3 jellies
  An iguana (D:5)
  3 orc wizards
  8 adders
  8 gnolls
  A shadow imp (D:6)
  2 white imps
  An ufetubus (D:6)
  3 dart slugs
  2 ribbon worms
  14 orcs
  5 endoplasms
  2 giant cockroaches
  8 goblins
  8 hobgoblins
  2 jackals (D:4)
  2 quokkas (D:1)
  8 ball pythons
  5 bats
  2 frilled lizards (D:3)
  5 kobolds
  6 rats
115 creatures vanquished.

Vanquished Creatures (others)
  297 foxfires
297 creatures vanquished.

Grand Total: 412 creatures vanquished

Notes
Turn   | Place    | Note
-------+----------+-------------------------------------------
     0 | D:1      | Conn the Octopode Fire Elementalist began the quest for the
                  | Orb.
     0 | D:1      | Reached XP level 1. HP: 11/11 MP: 3/3
   296 | D:1      | Reached XP level 2. HP: 17/17 MP: 1/5
   552 | D:1      | Reached skill level 3 in Stealth
  1014 | D:1      | Reached XP level 3. HP: 21/21 MP: 6/6
  1017 | D:1      | Learned a level 2 spell: Scorch
  1021 | D:1      | Learned a level 3 spell: Inner Flame
  1704 | D:2      | Reached XP level 4. HP: 27/27 MP: 3/7
  2024 | D:3      | HP: 1/27 [poisoned by an adder]
  2922 | D:4      | Reached skill level 1 in Hexes
  3079 | D:4      | Reached XP level 5. HP: 24/31 MP: 9/9
  3426 | D:4      | Reached skill level 4 in Stealth
  3510 | D:4      | Reached XP level 6. HP: 34/36 MP: 10/10
  3659 | D:5      | Entered Level 5 of the Dungeon
  3680 | D:4      | Learned a level 4 spell: Flame Wave
  3901 | D:5      | Noticed an ice beast
  3910 | D:5      | Killed an ice beast
  3911 | D:5      | Reached XP level 7. HP: 41/41 MP: 11/11
  4324 | D:5      | Reached skill level 5 in Stealth
  4562 | D:5      | Learned a level 3 spell: Hailstorm
  4594 | D:5      | Found Dic Lyev's Gadget Gallery.
  4602 | D:5      | Bought a wand of roots (6) for 201 gold pieces
  4717 | D:6      | Reached XP level 8. HP: 46/46 MP: 13/13
  4721 | D:6      | Reached skill level 1 in Ice Magic
  4946 | D:6      | Found a sacrificial altar of Ru.
  5079 | D:6      | Noticed Eustachio
  5091 | D:6      | Killed by an exploding scorpion... ignited by their inner
                  | flame

Illustrated notes

Levels and vault maps discovered:
D:1:      dpeg_arrival_rooms_c, layout_basic
D:2:      layout_basic
D:3:      layout_loops_ring, st_stairs_8
D:4:      layout_rooms, dreamdust_wishing_well, minivault_26,
          kennysheep_another_room
D:5:      layout_rooms, nicolae_shop_gadgets
D:6:      layout_basic, yredelemnul_forgotten_temple_becter, lemuel_tele_altar,
          serial_bayou_pond_a, minmay_fractal_squares_5, uniq_eustachio

Skill      XL: |  1  2  3  4  5  6  7  8 |
---------------+-------------------------+-----
Stealth        | 3 4 5 |  5.8
Conjurations   | 2 3 4 |  4.9
Hexes          | 1 2 3 |  3.1
Spellcasting   | 3 |  3.8
Fire Magic     | 4 |  4.8
Dodging        | 3 |  3.9
Ice Magic      | 2 |  2.0

Action                     |  1- 3 |  4- 6 |  7- 9 || total
---------------------------+-------+-------+-------++-------
  Melee: Constrict         |     8 |     5 |       ||    13
         Tentacles         |     7 |     6 |       ||    13
         Unarmed           |     1 |       |       ||     1
         Dagger            |    29 |    18 |       ||    47
         Short sword       |       |     4 |       ||     4
   Cast: Foxfire           |    40 |    72 |    63 ||   175
         Scorch            |     3 |    19 |    17 ||    39
         Inner Flame       |       |       |     6 ||     6
    Use: Potion            |       |     1 |     1 ||     2
         Scroll            |       |       |     1 ||     1
   Stab: Sleeping          |     7 |     5 |       ||    12
         Distracted        |     1 |     1 |       ||     2
 Armour: Skin              |     9 |    20 |    20 ||    49
  Dodge: Dodged            |    18 |    22 |    36 ||    76
  Block: Other             |       |       |     6 ||     6
